[Event "*** Titled Tuesday Blitz"]
[Site "Chess.com"]
[Date "2020.12.01"]
[Round "6"]
[White "banane_verte"]
[Black "KononenkoD"]
[Result "1-0"]
[WhiteElo "2491"]
[BlackElo "2361"]
[TimeControl "180+1"]
[EndTime "11:06:26 PST"]
[Termination "banane_verte won by checkmate"]

1. e4 c6 2. d3 d5 3. exd5 cxd5 4. d4 Nc6 5. c3 Nf6 6. Bd3 e5 7. dxe5 Nxe5 8. Bf4 Bd6 9. Bxe5 Bxe5 10. Nf3 Bd6 11. h3 O-O 12. O-O Re8 13. Nbd2 Qb6 14. Qc2 Bd7 15. Rfe1 Rac8 16. Nd4 a5 17. N2f3 Bc5 18.
Nb3 Bd6 19. Nbd4 a4 20. a3 Bc5 21. Nf5 g6 22. N5d4 Kg7 23. Kf1 h5 24. Rxe8 Rxe8 25.
Re1 Rxe1+ 26. Kxe1 Bd6 27. Kf1 Qd8 28. Qe2 Qe7 29.
Qxe7 Bxe7 30. Ne5 Be8 31. Nb5 Nd7 32. Nxd7 Bxd7 33. Nd4 Kf6 34. Ke2 Ke5 35. Bb5 Bxb5+ 36. Nxb5 Bc5 37. f3 Bb6 38. Kd3 h4 39. Ke2 f5 40.
Kd3 g5 41. Ke2 d4 42. Kd3 dxc3 43. Nxc3 Kf4 44. Ke2 Bd4 45. Nxa4 Kg3 46. Kf1 Kf4 47. Ke2 Kg3 48. Kf1 Kh2 49. Nc3 Kg3 50. Ne2+ Kh2 51. Nxd4 g4 52. fxg4 f4 53. Nf3+ Kg3 54. g5 b5 55. g6 b4 56. Nxh4 bxa3 57. bxa3 f3 58. Nxf3 Kf4 59. g7 Ke3 60. g8=Q Kf4 61. Qf7+ Ke3 62.
Qe6+ Kd3 63. Qe2+ Kc3 64. Qe3+ Kb2 65. Nh2 Ka2 66. a4 Kb2 67. a5 Kc2 68. a6 Kb1 69. a7 Kc2 70. a8=Q Kd1 71. Qa1+ Kc2 72. Qac1# 1-0

[Event "*** Titled Tuesday Blitz"]
[Site "Chess.com"]
[Date "2020.12.01"]
[Round "6"]
[White "esapunov"]
[Black "mirciulica14"]
[Result "1/2-1/2"]
[WhiteElo "2797"]
[BlackElo "2600"]
[TimeControl "180+1"]
[EndTime "11:06:27 PST"]
[Termination "Game drawn by agreement"]

1. c4 Nf6 2. Nf3 e6 3. Nc3 Bb4 4. Qc2 O-O 5. a3 Bxc3 6. Qxc3 c5 7.
b4 b6 8. Bb2 Bb7 9. e3 Nc6 10.
Be2 Rc8 11. O-O Qe7 12. d4 cxd4 13. Nxd4 Nxd4 14. Qxd4 d5 15. cxd5 Bxd5 16. Rac1 Qb7 17. f3 Rxc1 18. Rxc1 Rc8 19. Rc3 Rxc3 20. Bxc3 Qc8 21.
e4 Bb7 22. b5 Qd7 23. Qe5 Qc8 24. g4 Ne8 25. Kf2 Qc7 26. Qxc7 Nxc7 27. Be5 Na8 28.
Bb8 Kf8 29. Bxa7 Ke7 30. Bb8 f6 31. e5 Kd7 32. Bd6 Bd5 33. Ke3 f5 34. Bf8 g6 35.
h4 Nc7 36. Kd4 Ne8 37. Bb4 Ng7 38. Bd2 fxg4 39. fxg4 h5 40. gxh5 gxh5 41. Bg5 Nf5+ 42.
Kc3 Ng7 43. Be3 Nf5 44. Bf2 Ng7 45. Bxb6 Be4 46. Bf2 Bg6 47. a4 Nf5 48. a5 Ne7 49. Kc4 Kc8 50. Kc5 Be4 51. a6 Kb8 52. Kd6 Nc8+ 53.
Kc5 Na7 54. b6 Nc8 55. b7 Ne7 56. Bxh5 Bd3 57. Kd6 Nf5+ 58. Kc6 Bxa6 59. Kd7 Bxb7 60. Bg4 Bc8+ 61. Ke8 Ng7+ 62. Kf7 Nf5 63. h5 Nh6+ 64.
Kg7 Nxg4 65. Bg3 Kc7 66. Kg6 Kd7 67. Kg5 Bb7 68. h6 Nxh6 69. Kxh6 Be4 70. Kg7 Bf5 71. Kf6 Kc6 1/2-1/2

[Event "*** Titled Tuesday Blitz"]
[Site "Chess.com"]
[Date "2020.12.01"]
[Round "6"]
[White "alexrustemov"]
[Black "Tssunami"]
[Result "0-1"]
[WhiteElo "2608"]
[BlackElo "2424"]
[TimeControl "180+1"]
[EndTime "11:06:27 PST"]
[Termination "Tssunami won by resignation"]

1. d4 Nf6 2. Nf3 e6 3. c4 b6 4. a3 Ba6 5. Qc2 Be7 6. e4 d5 7. e5 Ne4 8. Bd3 Ng5 9. Bxg5 Bxg5 10. cxd5 Bxd3 11. Qxd3 exd5 12. Nc3 Be7 13. h4 h5 14. e6 O-O 15. exf7+ Rxf7 16. Qg6 Nd7 17. Nxd5 Nf8 18. Qe4 c6 19. Nf4 Bd6 20. Ne5 Re7 21. O-O-O Qe8 22.
Rhe1 Nd7 23. Nfg6 Re6 24. f4 Nf6 25. Qf5 Nd5 26. Kb1 Bxe5 27. dxe5 Qxg6 28. Qxg6 Rxg6 29.
f5 Rxg2 30. Rc1 Rc8 31. Red1 Re8 32. e6 Ne7 33. Rd7 Nxf5 34. Rxc6 a5 35. Rd5 Rf2 36.
Rxb6 Ne7 37. Rxh5 Rf6 38. Rxa5 Ng6 39. Raa6 Nxh4 40. a4 g5 41. Rb5 Rg6 42. Raa5 g4 43. Rg5 Kg7 44. Ra7+ Kh6 45. Re5 Rexe6 46. Re4 g3 47.
Ra8 Kg5 48. Rc4 Nf5 49. Ra5 g2 50. Rcc5 g1=Q+ 51. Ka2 Rgf6 52. Rcb5 Qd4 53. Rb3 Qc4 54. Ka3 Rb6 55. Rab5 Rxb5 56. Rxb5 Rc6 57. b3 Qc1+ 58. Kb4 Kf6 59. a5 Qc3+ 60. Ka4 Nd4 61. Rb6 Qa1+ 62. Kb4 Rxb6+ 63. axb6 Nxb3 64. b7 Qa7 0-1

[Event "*** Titled Tuesday Blitz"]
[Site "Chess.com"]
[Date "2020.12.01"]
[Round "6"]
[White "AniJak"]
[Black "parintele_chess"]
[Result "1-0"]
[WhiteElo "2389"]
[BlackElo "2194"]
[TimeControl "180+1"]
[EndTime "11:06:31 PST"]
[Termination "AniJak won by resignation"]

1. e4 c5 2. Nf3 Nc6 3. d4 cxd4 4. Nxd4 Nf6 5. Nc3 h5 6. Bg5 Qa5 7. Bxf6 gxf6 8. Bc4 Qe5 9. Nf3 Qb8 10. Nd5 e6 11. Ne3 Ne5 12. Be2 b6 13. O-O Bc5 14. Nxe5 Qxe5 15. Nc4 Qg5 16. Nd6+ Ke7 17. Nxc8+ Raxc8 18.
Qd3 h4 19. h3 Rhg8 20. Bf3 Bd6 21. Rfd1 Qe5 22. Kf1 Rc6 23. c3 Rd8 24. Rd2 Bc5 25.
Rad1 Rd6 26. Qa6 Rxd2 27. Rxd2 Qf4 28. Qd3 Qh2 29. b4 Bd6 30. a3 Qh1+ 31. Ke2 Be5 32. Rd1 Qh2 33. c4 Qf4 34. c5 bxc5 35. bxc5 Rb8 36. Qxd7+ Kf8 37. c6 Rb2+ 38. Rd2 Rxd2+ 39. Qxd2 Qxd2+ 40. Kxd2 Ke7 41. Be2 Kd6 42. Bb5 a6 43. Bxa6 Kxc6 44. Be2 Bd6 45. a4 Bc5 46. f4 e5 47.
fxe5 fxe5 48. Bb5+ Kb6 49. Be8 f6 50. Kd3 Ka5 51.
Kc4 Be3 52. Kd5 Bg5 53. Ke6 Kb6 54. Kf5 Ka5 55. Kg4 Kb6 56. g3 hxg3 57. Kxg3 Bf4+ 58. Kg4 Bd2 59. h4 Bf4 60. Kf5 Bd2 61.
Kxf6 Bf4 62. h5 Kc5 63. Kg6 Kd4 64. Bc6 Kc5 65. Bd5 Kd6 66. h6 1-0

[Event "*** Titled Tuesday Blitz"]
[Site "Chess.com"]
[Date "2020.12.01"]
[Round "6"]
[White "zverr1"]
[Black "anon102030"]
[Result "0-1"]
[WhiteElo "2475"]
[BlackElo "2717"]
[TimeControl "180+1"]
[EndTime "11:06:32 PST"]
[Termination "anon102030 won by checkmate"]

1. d4 Nf6 2. c4 e5 3. dxe5 Ng4 4. Bf4 Nc6 5. Nf3 Bb4+ 6. Nbd2 Qe7 7. e3 Ngxe5 8. Nxe5 Nxe5 9. Be2 d6 10. O-O Bxd2 11.
Qxd2 O-O 12. b4 Re8 13. Rac1 Bf5 14. Rfd1 Rad8 15. h3 b6 16. Qd4 Nd7 17. Bf3 h6 18. Bc6 Rf8 19. e4 Bg6 20. f3 Ne5 21. Bxe5 dxe5 22.
Qc3 a5 23. bxa5 Qc5+ 24. Kh2 Qxc6 25. Qxe5 bxa5 26. Qxa5 Rxd1 27. Rxd1 Qxc4 28. Rd2 c5 29. Qc7 Ra8 30. Rd5 Qxa2 31. Qxc5 Qb2 32. Qc7 Qb8 33.
Qxb8+ Rxb8 34. h4 h5 35. Re5 Kf8 36. Kg3 Rb2 37. Ra5 f6 38. Ra8+ Be8 39. Ra7 Rd2 40.
Ra5 Rd6 41. Kf4 Ke7 42. Ra7+ Rd7 43. Ra5 Rc7 44. Rd5 Bf7 45. Ra5 Rd7 46. Rb5 Ra7 47. g3 Be8 48. Rc5 Ra2 49. e5 Ra4+ 50. Ke3 Ra3+ 51.
Kf4 Ra4+ 52. Ke3 f5 53. f4 g6 54. Rc7+ Ke6 55. Rb7 Ra3+ 56. Kf2 Bc6 57. Rg7 Rf3+ 58.
Kg2 Rxf4+ 59. Kh3 Rg4 60. Rc7 Bd5 61. Ra7 Kxe5 62. Ra6 f4 63. gxf4+ Kxf4 64. Rf6+ Ke5 65. Rf2 Be6 66. Re2+ Re4+ 67. Kg3 Rxe2 68. Kf3 Re4 69. Kg3 Rg4+ 70. Kf3 Rxh4 71. Kf2 Rg4 72. Ke3 h4 73. Kf3 h3 74. Kf2 h2 75. Ke3 h1=Q 76.
Ke2 Qh3 77. Kd2 Rg2+ 78. Ke1 Qh1# 0-1

[Event "*** Titled Tuesday Blitz"]
[Site "Chess.com"]
[Date "2020.12.01"]
[Round "6"]
[White "Nadtkins"]
[Black "Andrii_Prydun"]
[Result "1/2-1/2"]
[WhiteElo "2503"]
[BlackElo "2346"]
[TimeControl "180+1"]
[EndTime "11:06:33 PST"]
[Termination "Game drawn by agreement"]

1. Nf3 d5 2. c4 c6 3. e3 Nf6 4.
Nc3 e6 5. b3 Bd6 6. Bb2 Qe7 7.
Qc2 Ba3 8. d4 Bxb2 9. Qxb2 O-O 10. Bd3 c5 11. cxd5 exd5 12. dxc5 Qxc5 13. O-O Nc6 14. Rac1 Qe7 15. Rfd1 Bg4 16. Be2 Rfd8 17. h3 Bh5 18. Nd4 Bxe2 19. Qxe2 Nxd4 20. Rxd4 Rac8 21. Qd3 Ne4 22. Ne2 Rxc1+ 23. Nxc1 Qa3 24. Ne2 Qa5 25. b4 Qc7 26. Nf4 Qc1+ 27. Qd1 Qxd1+ 28. Rxd1 Nc3 29. Rd2 g6 30. a3 Nb5 31. Rd3 d4 32. e4 Rc8 33. a4 Nc3 34. a5 Rc4 35. Nd5 Nxd5 36.
exd5 Kf8 37. b5 Ke7 38. Rf3 f5 39. Rf4 Kd6 40. Rh4 Rc7 41. Rxd4 Rc5 42. Rh4 Rc7 43. Rd4 h5 44. g4 Rc5 45. gxh5 gxh5 46. Rh4 Rxd5 47.
b6 axb6 48. axb6 f4 49. Kg2 Rb5 50. Kf3 Rxb6 51. Rxh5 Rb3+ 52. Kxf4 Ke6 53. Rh6+ Kf7 54. h4 Rb4+ 55. Kg3 Kg7 56. Rd6 Kf7 57. f4 Rb1 58. Kg4 Rb5 59. f5 Rb1 60. Rd7+ Kf6 61. Rd6+ Kf7 62.
h5 Rg1+ 63. Kf4 Rf1+ 64. Kg5 Re1 65. Rd7+ Re7 66. Rxb7 Rxb7 67. Kg4 Rb6 68. Kg5 Rc6 1/2-1/2

[Event "*** Titled Tuesday Blitz"]
[Site "Chess.com"]
[Date "2020.12.01"]
[Round "6"]
[White "Soltan49"]
[Black "Pertinhez76"]
[Result "1-0"]
[WhiteElo "2218"]
[BlackElo "2022"]
[TimeControl "180+1"]
[EndTime "11:06:34 PST"]
[Termination "Soltan49 won on time"]

1. d4 Nf6 2. Nf3 g6 3. Bg5 Bg7 4. Nc3 d6 5. Qd2 h6 6. Bf4 Nc6 7. d5 Nb8 8. e4 Nbd7 9. O-O-O a6 10. Bd3 b5 11. Rhe1 b4 12. Na4 e5 13. dxe6 fxe6 14. Qxb4 O-O 15. Qd2 Kh7 16. e5 dxe5 17. Nxe5 Nxe5 18. Bxe5 Qe7 19. Nc3 Bb7 20. f3 Rad8 21.
Qf2 Qb4 22. Qg3 Rxd3 23. Rxd3 Rb8 24. Bxf6 Bxf6 25. Rxe6 Bg5+ 26. f4 Bxf4+ 27. Kd1 Bxg3 28. hxg3 Qg4+ 29. Re2 Rf8 30. Kd2 Rf7 31. Rde3 Qd4+ 32. Ke1 a5 33. a4 Ba6 34. Nb5 Bxb5 35. axb5 Qxb2 36. Re5 Qb1+ 37. Kd2 Qxb5 38. Rxb5 a4 39. Ra5 h5 40. Rxa4 Kh6 41. Rc4 Rd7+ 42. Ke1 Kg5 43. Rc6 Kf5 44. Ree6 Rf7 45. Rxg6 Ke5 46. Rg5+ Kd4 47.
Rxh5 Rg7 48. Rhc5 Ke4 49. Rxc7 Rg8 50. Re7+ Kd4 51. Rce5 Kc3 52. Re2 Rh8 53. R7e3+ Kd4 54. Kf2 Rf8+ 55. Rf3 Rg8 56. Rd2+ Ke4 57. c4 Ke5 58. Rc2 Ke6 59. c5 Rc8 60. c6 Rc7 61.
Rd3 Ke7 62. Rd7+ Rxd7 63. cxd7 Kxd7 64. Re2 Kd6 65. g4 Kd5 66. g5 Kd4 67. g6 Kd3 68. g7 1-0

[Event "*** Titled Tuesday Blitz"]
[Site "Chess.com"]
[Date "2020.12.01"]
[Round "6"]
[White "Fh2411"]
[Black "Mikasinski"]
[Result "1/2-1/2"]
[WhiteElo "2544"]
[BlackElo "2305"]
[TimeControl "180+1"]
[EndTime "11:06:45 PST"]
[Termination "Game drawn - insufficient material"]

1. d4 Nf6 2. Nf3 g6 3. g3 Bg7 4. Bg2 O-O 5. O-O d6 6. c4 Nc6 7. d5 Na5 8. Nfd2 c5 9. Nc3 a6 10. a4 e5 11. e4 Bg4 12. Qc2 Qd7 13. Rb1 Rac8 14. b3 Bh3 15. Ba3 Bh6 16. Nf3 Nh5 17. Qe2 Qg4 18. Nh4 Qxe2 19. Nxe2 Bxg2 20. Nxg2 f5 21.
f3 fxe4 22. fxe4 Nf6 23. Nc3 Bd2 24. Bb2 Nxb3 25. Rf2 Nd4 26. Rbf1 Bxc3 27. Bxc3 Nxe4 28. Rxf8+ Rxf8 29. Rxf8+ Kxf8 30. Ba5 Ke7 31. Ne3 Kd7 32. Kg2 Ng5 33. h4 Nf7 34. Kh3 h5 35. g4 Nh6 36.
gxh5 gxh5 37. Nf1 Nhf5 38. Bd2 e4 39. Bf4 b5 40. cxb5 axb5 41. a5 b4 42. Nd2 b3 43.
Nxe4 b2 44. Nc3 Nb5 45. Nb1 c4 46. Bd2 Ne7 47. Bc3 Nxd5 48. Bxb2 c3 49. Bc1 Kc6 50.
Kg3 Kc5 51. Kf3 Kc4 52. Ke4 Ndc7 53. Kf5 d5 54. Kg6 d4 55. Kxh5 d3 56. Kg6 Kb3 57.
h5 Kc2 58. Nxc3 Kxc1 59. Ne4 Nd6 60. Nf2 d2 61. h6 Ne6 62. Kf6 Nf8 63. Ke5 Nf7+ 64.
Kd4 Nxh6 65. a6 Nd7 66. a7 Nb6 67. Kc5 Na8 68. Kc6 Nf5 69. Kb7 Nd4 70. Kxa8 Nc6 71.
Kb7 Nxa7 72. Kxa7 Kc2 73. Kb6 Kc3 74. Kc5 d1=Q 75. Nxd1+ 1/2-1/2

[Event "*** Titled Tuesday Blitz"]
[Site "Chess.com"]
[Date "2020.12.01"]
[Round "6"]
[White "Xeniya2005"]
[Black "elamier"]
[Result "1/2-1/2"]
[WhiteElo "2430"]
[BlackElo "2314"]
[TimeControl "180+1"]
[EndTime "11:06:45 PST"]
[Termination "Game drawn by repetition"]

1. e4 c5 2. Nf3 e6 3. d4 cxd4 4. Nxd4 Nf6 5. Nc3 Nc6 6. Ndb5 Bb4 7. a3 Bxc3+ 8. Nxc3 d5 9. exd5 exd5 10. Bd3 O-O 11. O-O d4 12. Ne2 Bg4 13. f3 Bh5 14.
Bg5 Qd6 15. Qd2 Bg6 16. Bxg6 hxg6 17. Ng3 Rfe8 18. Rad1 Qc5 19. Kh1 Nd5 20. Ne4 Qb6 21. c4 Ne3 22. Bxe3 dxe3 23. Qe2 f5 24. c5 Qa6 25. Nc3 Qxe2 26. Nxe2 Rad8 27. Kg1 Rd2 28. Rxd2 exd2 29. Kf2 Ne5 30. Rd1 Nd3+ 31. Kf1 Nxb2 32.
Rxd2 Na4 33. Rd7 Nxc5 34. Rc7 b6 35. Rxa7 Rd8 36. Nf4 g5 37. Nh5 Rd7 38. Rxd7 Nxd7 39. Ng3 g6 40. Ne2 Kf7 41. Nd4 Kf6 42. Ke2 Ke5 43.
Kd3 Kd5 44. Nc2 Nc5+ 45. Kc3 Ke5 46. Kc4 Kf4 47. Nd4 Ke3 48. g4 f4 49. Kd5 Nd3 50. Ne6 Kxf3 51. Nxg5+ Kxg4 52. Ne4 f3 53. Kc6 f2 54.
Nxf2+ Nxf2 55. Kxb6 Nd3 56. a4 Nb4 57. a5 Kh3 58.
Kb5 Nd5 59. Kc5 Nc7 60. Kc6 Na6 61. Kb6 Nb4 62. Kb5 Nd5 63. Kc5 Nc7 64. Kc6 Na6 65. Kb6 Nb8 66. Kb7 Nd7 67. Kc7 Nc5 68. Kc6 Na6 1/2-1/2

[Event "*** Titled Tuesday Blitz"]
[Site "Chess.com"]
[Date "2020.12.01"]
[Round "6"]
[White "BanjoKazooieN64"]
[Black "Ariadna_Atreides"]
[Result "1/2-1/2"]
[WhiteElo "2370"]
[BlackElo "2070"]
[TimeControl "180+1"]
[EndTime "11:06:46 PST"]
[Termination "Game drawn - insufficient material"]

1. e4 c5 2. Nc3 Nc6 3. Nf3 Nf6 4. Bb5 d6 5. e5 dxe5 6. Nxe5 Bd7 7. Nxd7 Qxd7 8. O-O g6 9. Re1 Bg7 10. d3 O-O 11. Bg5 Rfe8 12. Qf3 Rac8 13. Rab1 a6 14. Bc4 b5 15. Bb3 Nd4 16. Qe3 Nxb3 17. axb3 Qd4 18. Ra1 Rc6 19. Qf3 Qd7 20. h3 h6 21. Bh4 Rec8 22. Re2 Re6 23. Rae1 Rxe2 24. Rxe2 b4 25. Na4 Nd5 26. Qe4 e6 27. Qc4 Qc6 28. Bg3 Nb6 29. Nxb6 Qxb6 30. Be5 Qa5 31. Qe4 Rd8 32. Re1 Rd5 33.
Bxg7 Kxg7 34. Qc4 Qa2 35. Re2 Qxb2 36. Qxa6 Qc1+ 37. Kh2 Qd1 38. d4 cxd4 39. Qc4 d3 40. cxd3 Qxd3 41. Re4 Qxc4 42. Rxc4 Rb5 43. Kg3 Kf6 44.
Kf3 Ke5 45. Ke3 Kd5 46. Rc7 Rc5 47. Rxf7 Rc3+ 48. Kd2 Rxb3 49. Rg7 Rb2+ 50. Ke3 b3 51. Rxg6 Rb1 52. Kd2 Rf1 53. Kc3 Rxf2 54. Kxb3 h5 55. Kc3 Ke5 56. Kd3 Kf5 57. Rg8 Ke5 58. Ke3 Rf1 59.
Rg5+ Rf5 60. Rg6 Rf6 61. Rxf6 Kxf6 62. Kf4 e5+ 63. Ke4 Ke6 64. h4 Kf6 65. Ke3 Kf5 66.
Kf3 e4+ 67. Ke3 Ke5 68. Ke2 Kf4 69. Kf2 Kg4 70. Ke3 Kxh4 71. Kxe4 Kg3 72. Kf5 h4 73.
Kg5 Kxg2 74. Kxh4 1/2-1/2

[Event "*** Titled Tuesday Blitz"]
[Site "Chess.com"]
[Date "2020.12.01"]
[Round "6"]
[White "Cambek64"]
[Black "MasterKroket"]
[Result "1/2-1/2"]
[WhiteElo "2279"]
[BlackElo "2396"]
[TimeControl "180+1"]
[EndTime "11:06:48 PST"]
[Termination "Game drawn - insufficient material"]

1. e4 c5 2. Nc3 Nc6 3. d3 g6 4. Be3 d6 5. d4 cxd4 6. Bxd4 Nxd4 7. Qxd4 Nf6 8. e5 dxe5 9. Bb5+ Bd7 10. Qxe5 Bg7 11. O-O-O O-O 12. Bxd7 Nxd7 13. Qb5 Bxc3 14. bxc3 Qc8 15. Qxd7 Qxc3 16. Qd4 Qa3+ 17. Qb2 Qc5 18. Nh3 Rfc8 19. Rd3 Qf5 20. Rhd1 h6 21. f3 Kh7 22.
Kb1 Rc7 23. Rd8 Rxd8 24. Rxd8 e5 25. Nf2 Qg5 26. Rd1 Rc6 27. Ka1 Qxg2 28. Ng4 Qxf3 29. Rg1 Qf5 30. Nxe5 Rxc2 31. Qd4 Rf2 32. Nd7 Rf4 33. Qd6 Rf3 34. Rc1 Kg7 35. Ne5 Rf2 36. Qd4 Qf6 37. Qc3 Rf5 38. Nd7 Qxc3+ 39. Rxc3 Rf1+ 40.
Kb2 Rd1 41. Nc5 b6 42. Nb3 Re1 43. Rc7 a5 44. a4 g5 45. Rc2 g4 46. Nd2 h5 47.
Nc4 Re6 48. Kc3 Rg6 49. Rb2 h4 50. Nxb6 g3 51. hxg3 hxg3 52. Rg2 f5 53. Nd5 Rd6 54. Rxg3+ Kh6 55. Ne3 Rf6 56. Nc4 f4 57. Rf3 Kg5 58.
Nxa5 Kg4 59. Rf1 f3 60. Nb3 Kg3 61. Nd2 f2 62. a5 Kg2 63. Ra1 Rc6+ 64. Kd3 Rd6+ 65.
Kc3 Rc6+ 66. Kb4 Rd6 67. Nf1 Re6 68. a6 Rxa6 69. Ne3+ Kf3 70. Rxa6 Kxe3 71. Rf6 Ke2 72. Kc3 f1=Q 73. Rxf1 Kxf1 1/2-1/2

[Event "*** Titled Tuesday Blitz"]
[Site "Chess.com"]
[Date "2020.12.01"]
[Round "6"]
[White "Luklei18"]
[Black "Witik"]
[Result "0-1"]
[WhiteElo "2442"]
[BlackElo "2615"]
[TimeControl "180+1"]
[EndTime "11:06:49 PST"]
[Termination "Witik won by resignation"]

1. c4 e5 2. Nc3 Bb4 3. Qc2 c6 4. Nf3 Qe7 5. e4 Nf6 6. d3 d5 7. cxd5 cxd5 8. a3 Bxc3+ 9. Qxc3 Nc6 10. Bg5 d4 11. Qc2 Be6 12. Rc1 h6 13. Bxf6 Qxf6 14. b4 O-O 15. Be2 Rfc8 16. Qb2 Ne7 17. O-O Ng6 18.
Rxc8+ Rxc8 19. Rc1 Nf4 20. Bf1 Rxc1 21. Qxc1 Bg4 22.
Ne1 g6 23. f3 Bd7 24. Qc7 Bc6 25. Qb8+ Kg7 26. Qxa7 Qg5 27. g3 Ne6 28. Ng2 Qd2 29. Qb8 Ng5 30. Qxe5+ Kh7 31. Nh4 Qe3+ 32. Kg2 Qd2+ 33. Kg1 Qe3+ 34. Kg2 Bd7 35. g4 Qd2+ 36. Kg1 Qe3+ 37. Kg2 h5 38. Qg3 hxg4 39. fxg4 Qd2+ 40. Kg1 Qc3 41. Ng2 Ne6 42. e5 Qxa3 43. Qh4+ Kg8 44.
Qe7 Bc6 45. h4 Bxg2 46. Bxg2 Qc1+ 47. Kh2 Qf4+ 48. Kg1 Qxe5 49. Qxb7 Qe1+ 50. Kh2 Qxh4+ 51. Kg1 Qg3 52. Qf3 Qe1+ 53. Kh2 Qe5+ 54. Kg1 Nf4 55. Qe4 Qg5 56. Bf3 Ne6 57. Qd5 Qc1+ 58. Kg2 Qb2+ 59. Kg3 Qxb4 60. Qa8+ Kg7 61. Qd5 Qe1+ 62.
Kg2 Qe3 63. Qe4 Nf4+ 64. Kg3 Nxd3 65. Qxe3 dxe3 66. Be2 Nc1 67. Kf3 Nxe2 68. Kxe2 Kf6 69. Kxe3 Kg5 70. Kf3 Kh4 71. Kf4 g5+ 72. Kf5 f6 0-1

[Event "*** Titled Tuesday Blitz"]
[Site "Chess.com"]
[Date "2020.12.01"]
[Round "6"]
[White "ehrenfeld"]
[Black "HackingKid98"]
[Result "0-1"]
[WhiteElo "2488"]
[BlackElo "2363"]
[TimeControl "180+1"]
[EndTime "11:06:54 PST"]
[Termination "HackingKid98 won by checkmate"]

1. e4 c6 2. d4 d5 3. exd5 cxd5 4. Bd3 Nf6 5. c3 g6 6. Nf3 Bg7 7. O-O O-O 8. Re1 Bf5 9. Bf1 Nc6 10. Bf4 Rc8 11.
Nbd2 Na5 12. h3 Nc4 13. Nxc4 dxc4 14. Ne5 b5 15. g4 Be6 16. Bg2 Bd5 17. a4 a6 18. axb5 axb5 19. Ra6 Bxg2 20. Kxg2 Nd5 21. Bd2 e6 22. Qf3 Qc7 23. Qe4 Ra8 24. Rea1 Qb7 25. Rxa8 Rxa8 26. Rxa8+ Qxa8 27. Nd7 Nf4+ 28. Kf3 Qxe4+ 29.
Kxe4 Nxh3 30. Be3 h6 31. f4 f5+ 32. Kf3 g5 33. Nc5 Nxf4 34. Bxf4 gxf4 35. Nxe6 fxg4+ 36. Kxg4 Kf7 37. Nc7 b4 38. Nb5 bxc3 39. bxc3 Ke6 40. Kxf4 Kd5 41. Nc7+ Kc6 42. Ne6 Bf6 43. Kf5 Bh4 44. Nf4 Be1 45. Ne2 Kd5 46. Nf4+ Kd6 47. Ne2 Kd5 48. Nf4+ Kd6 49. Ne2 h5 50. Kg5 Kd5 51.
Kxh5 Ke4 52. Kg4 Ke3 53. Nf4 Bxc3 54. d5 Be5 55. Ng6 Bd6 56. Kf5 c3 57. Ke6 c2 58.
Kxd6 c1=Q 59. Ke6 Ke4 60. d6 Qc4+ 61. Ke7 Qc5 62. Nf8 Qe5+ 63. Ne6 Kd5 64. d7 Qxe6+ 65. Kd8 Qd6 66. Kc8 Qc6+ 67. Kd8 Ke6 68. Ke8 Qxd7+ 69.
Kf8 Qf7# 0-1

[Event "*** Titled Tuesday Blitz"]
[Site "Chess.com"]
[Date "2020.12.01"]
[Round "6"]
[White "tk22h"]
[Black "AradNazari"]
[Result "1-0"]
[WhiteElo "2338"]
[BlackElo "2423"]
[TimeControl "180+1"]
[EndTime "11:06:57 PST"]
[Termination "tk22h won on time"]

1. d4 Nf6 2. Nf3 e6 3. g3 Be7 4.
Bg2 O-O 5. O-O d5 6. c4 c6 7. Qc2 Nbd7 8. b3 b6 9. Bb2 Bb7 10. Nbd2 Rc8 11. e4 dxe4 12. Nxe4 c5 13. Nxf6+ Bxf6 14. Rad1 Qe7 15. Rfe1 Rfd8 16. d5 Bxb2 17. Qxb2 Nf8 18. h4 Qc7 19. Qc2 exd5 20. cxd5 Bxd5 21. Ng5 Bxg2 22. Kxg2 h6 23. Ne4 Qb7 24. Kg1 Rxd1 25.
Rxd1 Qa6 26. Rd6 Re8 27. h5 Qa5 28. Rd1 Qb4 29. Nd6 Re1+ 30. Rxe1 Qxe1+ 31. Kg2 Qe6 32. Nf5 Qd5+ 33. Kh2 Qf3 34. Ne7+ Kh8 35. Qf5 Qxf5 36. Nxf5 Nd7 37. Nd6 Kg8 38. Kg2 Kf8 39. Kf3 a6 40. Ke4 Ke7 41. Nf5+ Kf6 42. g4 Ne5 43. f3 Nc6 44. Nd6 Nb4 45. a4 Nc2 46. Nc8 b5 47. axb5 axb5 48. Nd6 Nd4 49. b4 Ne6 50. bxc5 Nxc5+ 51. Kd5 Nd3 52. Nxb5 Ne5 53. Ke4 Nd7 54.
Nc3 Nc5+ 55. Kf4 Ne6+ 56. Ke4 Ng5+ 57. Kf4 Ne6+ 58. Ke4 Nc5+ 59. Kf4 Ke6 60. Ne4 Nd3+ 61. Ke3 Ne5 62. Kf4 Nd3+ 63. Ke3 Ne5 64. Kf4 Nd7 65. Nf2 Nf6 66. Ne4 Nd5+ 67. Kg3 Ke5 68. Nc5 Nf6 69.
Nd3+ Kd4 70. Nf4 Ke3 71. Ng2+ Ke2 72. Nf4+ Ke3 73. Ng2+ Kd4 74. Kf4 Nd5+ 75. Kf5 Ne3+ 76. Nxe3 Kxe3 77. f4 Kf3 78. g5 hxg5 79. fxg5 Ke3 80. h6 gxh6 81. gxh6 1-0

[Event "*** Titled Tuesday Blitz"]
[Site "Chess.com"]
[Date "2020.12.01"]
[Round "6"]
[White "JiiHart"]
[Black "Tejas_Rama"]
[Result "1-0"]
[WhiteElo "2106"]
[BlackElo "2217"]
[TimeControl "180+1"]
[EndTime "11:06:57 PST"]
[Termination "JiiHart won by checkmate"]

1. e4 e5 2. Nf3 Nc6 3. d4 exd4 4. Nxd4 Bc5 5. Be3 Nxd4 6. Bxd4 Bxd4 7. Qxd4 Qf6 8. e5 Qb6 9. Qxb6 axb6 10. Bc4 Ne7 11. f4 h5 12. O-O Nf5 13. Re1 Rh6 14. Nd2 Kf8 15. Bd3 d6 16. exd6 Nxd6 17. a3 Bf5 18. Ne4 Nxe4 19. Bxe4 Bxe4 20. Rxe4 Rc6 21. c3 Rd8 22.
Rae1 g6 23. Re7 Rd2 24. R1e2 Rd1+ 25. Kf2 Rd3 26. R2e3 Rd2+ 27. Re2 Rxe2+ 28. Rxe2 Rd6 29. Ke1 Kg7 30. Rd2 Re6+ 31. Kf2 Kf6 32. Rd7 Rc6 33. g3 Ke6 34. Rd8 Rd6 35. Rxd6+ Kxd6 36. Ke3 Kd5 37. Kd3 b5 38. b3 Kc5 39. Ke4 Kd6 40. h3 f5+ 41. Kd4 c5+ 42. Kd3 Kd5 43. c4+ Kc6 44.
cxb5+ Kxb5 45. Kc3 Kc6 46. a4 Kd5 47. a5 Kd6 48. Kc4 Kc6 49. b4 cxb4 50. Kxb4 Kd6 51. Kb5 Kc7 52. Kc5 Kd7 53. Kd5 Kc7 54. Kc5 Kd7 55. Kd5 Kc8 56. Kd6 Kb8 57. Ke6 Ka7 58.
Kf6 Ka6 59. Kxg6 Kxa5 60. Kxf5 b5 61. Kg5 b4 62. f5 b3 63. f6 b2 64. f7 b1=Q 65. f8=Q Qg1 66. Qf5+ Kb4 67. Kxh5 Qb6 68. Qf4+ Kc3 69. h4 Qe6 70. Qg5 Qf7+ 71. Kg4 Kd3 72. Qf5+ Qxf5+ 73. Kxf5 Ke3 74. h5 Kf3 75. h6 Kxg3 76. h7 Kf3 77. h8=Q Ke3 78. Qh3+ Kd4 79. Qf3 Kc5 80. Qd3 Kc6 81. Qd4 Kb5 82. Ke6 Kc6 83.
Qc4+ Kb6 84. Kd7 Kb7 85. Qb4+ Ka6 86. Kc7 Ka7 87. Qa5# 1-0

[Event "*** Titled Tuesday Blitz"]
[Site "Chess.com"]
[Date "2020.12.01"]
[Round "6"]
[White "Shubinkirill2003"]
[Black "Slovak_fighter2000"]
[Result "0-1"]
[WhiteElo "2697"]
[BlackElo "2554"]
[TimeControl "180+1"]
[EndTime "11:07:00 PST"]
[Termination "Slovak_fighter2000 won by resignation"]

1. e4 e6 2. d4 d5 3. Nc3 dxe4 4. Nxe4 Bd7 5. Nf3 Bc6 6. Bd3 Nd7 7. O-O Ngf6 8. Ng3 Bd6 9. c4 Bxf3 10. Qxf3 c6 11.
b3 O-O 12. Bb2 a5 13. a3 Qc7 14. Rfe1 Rfe8 15. Nh5 Nxh5 16. Qxh5 g6 17. Qh3 Bf8 18.
Rad1 Bg7 19. Qg3 Qxg3 20. hxg3 c5 21. Be4 Rab8 22. dxc5 Bxb2 23. Rxd7 Bxa3 24. Bxb7 Bxc5 25. Red1 Re7 26. Rd8+ Rxd8 27. Rxd8+ Kg7 28. Bc6 Rc7 29. Bb5 Bb4 30. Kf1 h5 31. Ke2 Kf6 32. f4 Rc5 33. Kf3 Rc7 34. Ke4 Bc5 35. Kf3 Bb4 36. g4 hxg4+ 37.
Kxg4 Bc5 38. Kf3 Bb4 39. Ke4 Bc5 40. g4 Bb4 41. Ra8 g5 42. Rg8 Rc5 43. Ba4 gxf4 44. Kxf4 Bd2+ 45. Ke4 Bb4 46. Be8 Ke7 47. Kd4 Rc7 48. g5 Rc5 49. Bb5 Rf5 50. Ke3 Kd6 51. Rd8+ Ke5 52. Rg8 Bc5+ 53. Kd3 Kf4 54. g6 fxg6 55.
Rxg6 Ke5 56. Bd7 Rf6 57. Rg5+ Rf5 58. Rg3 Kd6 59. Bb5 Re5 60. Rf3 Rf5 61. Rh3 Rg5 62. Ke4 Rg4+ 63. Kd3 Rg5 64. Ba4 Ke5 65. Rf3 Rf5 66. Rg3 Kd6 67. Ke4 Re5+ 68. Kf4 Rf5+ 69. Kg4 Rf8 70. Rf3 Rxf3 71. Kxf3 Ke5 72. Bd7 Kd6 73.
Bc8 Ke5 74. Ke2 Kd4 75. Kd2 e5 76. Bg4 e4 77. Bf5 e3+ 78. Ke2 Kc3 79. Bc8 Kxb3 80. Kd3 a4 0-1

[Event "*** Titled Tuesday Blitz"]
[Site "Chess.com"]
[Date "2020.12.01"]
[Round "6"]
[White "Gurvich_Vitaly"]
[Black "pedromartinez91"]
[Result "1-0"]
[WhiteElo "2607"]
[BlackElo "2446"]
[TimeControl "180+1"]
[EndTime "11:07:02 PST"]
[Termination "Gurvich_Vitaly won by checkmate"]

1. e4 e6 2. d4 d5 3. Nc3 Nf6 4. Bg5 h6 5. Bxf6 Qxf6 6. exd5 Bb4 7. dxe6 Bxe6 8. a3 Bxc3+ 9. bxc3 O-O 10. Nf3 c5 11.
Be2 Nc6 12. O-O Rfd8 13. Rb1 cxd4 14. cxd4 Nxd4 15. Nxd4 Rxd4 16. Qc1 Bd5 17. Qe3 Bc6 18. Rbd1 Rxd1 19. Rxd1 Re8 20. Qd3 Qe7 21. Bf1 g6 22. Qd2 Kg7 23. h3 Qxa3 24. Qd4+ Kg8 25. Ra1 Qe7 26. Qxa7 Qe4 27. Qc5 Qe5 28. Qa3 h5 29. Rd1 Qe7 30. Qb3 Qe6 31. Bc4 Qf5 32. Bd3 Qg5 33. Bf1 Re6 34. Ra1 b6 35. Qxb6 Qe5 36.
Qd8+ Re8 37. Qd1 Qc3 38. Bd3 Kg7 39. Rb1 Re5 40. Bf1 Rg5 41. Qd3 Qc5 42. c4 Qe5 43. Rc1 Rf5 44. Qc3 Kf6 45. f3 Ke6 46. Qa3 Qd4+ 47. Kh1 Re5 48. Qf8 Qd2 49. Ra1 Re1 50. Qc8+ Bd7 51. Qa6+ Ke7 52. c5 Rxa1 53. Qxa1 Qc2 54.
Qe5+ Kd8 55. Qd6 Qc1 56. Kg1 Qe3+ 57. Kh2 Qe6 58. Qd4 Kc7 59. Bc4 Qc6 60. Be6 Bxe6 61.
Qf4+ Kd7 62. Qd4+ Ke7 63. h4 Qc7+ 64. Kg1 Qc6 65. Kh2 Qd5 66. Qc3 Qe5+ 67. Qxe5 Kd7 68.
Qd6+ Kc8 69. c6 Bd7 70. Kg3 Bxc6 71. Qxc6+ Kd8 72. Qb7 Ke8 73. Kf4 Kf8 74. Ke5 f6+ 75. Kxf6 Kg8 76. Qg7# 1-0